 Dungeon Crawl Stone Soup version 0.26.1-2-gb8aa6d0cf2 (webtiles) character file.

Game seed: 6626036076309184012

197231 spiderpigspy the Slayer (level 18, -12/165 HPs)
             Began as a Minotaur Fighter on Mar 6, 2021.
             Was the Champion of Okawaru.
             Mangled by a spark wasp (illusionary) (13 damage)
             ... on level 2 of the Depths.
             The game lasted 04:01:48 (35393 turns).

spiderpigspy the Slayer (Minotaur Fighter)         Turns: 35393, Time: 04:01:50

Health: -12/165    AC: 44    Str: 39    XL:     18   Next: 18%
Magic:  22/22      EV:  7    Int: 12    God:    Okawaru [******]
Gold:   4508       SH:  0    Dex:  8    Spells: 17/17 levels left

rFire    + . .     SeeInvis .   o - +11 great mace of Pestilence {elec, Str+4}
rCold    + . .     Faith    .   (shield currently unavailable)
rNeg     + . .     Spirit   .   d - +8 orange crystal plate armour {Archmagi, Int+3 Clar}
rPois    .         Reflect  .   L - +1 hat "Ponworyi" {rN+ Will+ Int+4}
rElec    .         Harm     .   W - +1 cloak {rCorr}
rCorr    +         Rampage  .   M - +0 pair of gloves of Limited Liability {rF+ rC+}
Will     ++...     Clarity  +   V - +2 pair of boots
Stlth    ..........             O - amulet of regeneration
HPRegen  0.77/turn              m - +4 ring of protection
MPRegen  0.18/turn              S - +6 ring of strength

@: very slightly contaminated, invisible
A: retaliatory headbutt, horns 2, clumsy 1, frail 1
a: Renounce Religion, Heroism, Finesse


You were on level 2 of the Depths.
You worshipped Okawaru.
Okawaru was exalted by your worship.
You visited 7 branches of the dungeon, and saw 29 of its levels.
You also visited: Bailey and Gauntlet.

You collected 4910 gold pieces.
You spent 402 gold pieces at shops.

Inventory:

Hand Weapons
 i - a +2 executioner's axe of electrocution
 o - the +11 great mace of Pestilence (weapon) {elec, Str+4}
   (You found it on level 6 of the Lair of Beasts)

   Occasionally, upon striking a foe, it can discharge electrical energy and
   cause terrible harm.
   It affects your strength (+4).
 p - a +1 battleaxe of freezing
 s - a +3 battleaxe of flaming
 I - the +0 hand axe of Watchfulness {pain, rElec Will+ Int+6 Dex-4}
   (Okawaru gifted it to you on level 2 of the Depths)

   In the hands of one skilled in necromantic magic, it inflicts extra damage on
   living creatures.
   It affects your intelligence (+6).
   It affects your dexterity (-4).
   It insulates you from electricity.
   It affects your willpower, your defense against some magical effects.
 X - the +0 eveningstar of Qeppiuh {flame, rF++}
   (Okawaru gifted it to you on level 14 of the Dungeon)

   It has been specially enchanted to burn those struck by it, causing extra
   injury to most foes and up to half again as much damage against particularly
   susceptible opponents.
   It greatly protects you from fire.
Missiles
 v - 41 poisoned darts (quivered)
 E - 199 bolts
Armour
 a - a scarf of invisibility
 c - a +0 kite shield
 d - the +8 orange crystal plate armour (worn) {Archmagi, Int+3 Clar}
   (You found it on level 4 of the Dungeon)

   It affects your intelligence (+3).
   It protects you against confusion.
 n - a +1 pair of boots of flying
 x - a +1 kite shield of resistance
 L - the +1 hat "Ponworyi" (worn) {rN+ Will+ Int+4}
   (Okawaru gifted it to you on level 6 of the Lair of Beasts)

   It affects your intelligence (+4).
   It protects you from negative energy.
   It affects your willpower, your defense against some magical effects.
 M - the +0 pair of gloves of Limited Liability (worn) {rF+ rC+}
   (You bought it in a shop on level 6 of the Dungeon)

   It protects you from fire.
   It protects you from cold.
 V - a +2 pair of boots (worn)
 W - a +1 cloak of preservation (worn)
Jewellery
 m - a +4 ring of protection (left hand)
 C - a +6 ring of dexterity {unknown}
 F - an uncursed ring of flight
 G - an uncursed ring of resist corrosion
 K - an uncursed ring of protection from cold
 O - an amulet of regeneration (around neck)
 S - a +6 ring of strength (right hand)
 U - a cursed ring of teleportation
Wands
 j - a wand of flame (56)
 k - a wand of acid (36)
 B - a wand of iceblast (10)
 R - a wand of polymorph (18)
Scrolls
 e - a scroll of vulnerability {unknown}
 h - 22 scrolls of teleportation
 l - 11 scrolls of remove curse
 q - a scroll of magic mapping {unknown}
 r - 4 scrolls of fog
 u - 3 scrolls of enchant weapon
 w - 3 scrolls of brand weapon
 y - a scroll of amnesia
 H - a scroll of holy word {unknown}
 J - 4 scrolls of blinking
 N - 2 scrolls of fear
 Y - a scroll of summoning {unknown}
Potions
 b - a potion of ambrosia
 f - 11 potions of curing
 g - a potion of resistance
 t - 3 potions of haste
 z - 3 potions of flight
 A - a potion of cancellation
 D - 2 potions of brilliance
 P - a potion of heal wounds
 Z - a potion of invisibility


   Skills:
 + Level 21.8 Fighting
 - Level 16.0(17.8) Axes
 - Level 13.8(16.7) Maces & Flails
 - Level 15.0 Armour
 - Level 15.0 Shields
 - Level 7.0 Invocations
 - Level 7.0 Evocations


You had 17 spell levels left.
You didn't know any spells.
Your spell library contained the following spells:

 Spells                   Type           Power        Failure   Level
 Animate Skeleton         Necr           0%           96%         1
 Beastly Appendage        Tmut           0%           96%         1
 Pain                     Necr           0%           96%         1
 Sandblast                Erth           0%           96%         1
 Summon Small Mammal      Summ           0%           96%         1
 Call Imp                 Summ           0%           99%         2
 Passwall                 Tmut/Erth      0%           99%         2
 Wereblood                Tmut           0%           99%         2
 Call Canine Familiar     Summ           0%           100%        3
 Spider Form              Tmut/Pois      0%           100%        3
 Stone Arrow              Conj/Erth      0%           100%        3
 Summon Guardian Golem    Hex/Summ       0%           100%        3
 Vampiric Draining        Necr           0%           100%        3
 Animate Dead             Necr           0%           100%        4
 Ice Form                 Ice/Tmut       0%           100%        4
 Petrify                  Tmut/Erth      0%           100%        4
 Summon Ice Beast         Ice/Summ       0%           100%        4
 Summon Lightning Spire   Summ/Air       0%           100%        4
 Agony                    Necr           0%           100%        5
 Blade Hands              Tmut           0%           100%        5
 Irradiate                Conj/Tmut      0%           100%        5
 Lee's Rapid Deconstruct  Erth           0%           100%        5
 Hydra Form               Tmut           0%           100%        6
 Statue Form              Tmut/Erth      0%           100%        6
 Dragon Form              Tmut           0%           100%        7


Dungeon Overview and Level Annotations

Branches:
Dungeon (15/15)            Temple (1/1) D:6            Lair (6/6) D:10
  Swamp (0/4) Lair:4        Snake (0/4) Lair:4        Slime (2/5) Lair:6
    Orc (2/2) D:10            Elf (1/3) Orc:2        Vaults (0/5) D:13
 Depths (2/5) D:15         Bailey (visited)         Gauntlet (visited)

Altars:
Ashenzari
Cheibriados
Dithmenos
Elyvilon
Fedhas
Gozag
Hepliaklqana
Kikubaaqudgha
Makhleb
Nemelex Xobeh
Okawaru
Qazlal
Ru
Sif Muna
Trog
Uskayaw
Vehumet
Wu Jian
Xom
Yredelemnul
Zin
The Shining One
Jiyva

Shops:
D:6 [*[   Orc:2 !:(*[   Elf:1 [(

Portals:
Hell: Depths:1

Annotations:
D:7 1 runed translucent door
D:11 1 runed translucent door, Paulthewizard's ghost, journeyman TeAE
D:15 Roxanne
Lair:2 1 runed translucent door, exclusion: 2 oklob plants, Zoobame's ghost, journeyman DEWz
Depths:1 3 runed translucent doors, exclusion: obsidian statue, Amikeex's ghost, adept TrMo


Innate Abilities, Weirdness & Mutations

You reflexively headbutt those who attack you in melee.
You have a pair of horns on your head.
You are clumsy. (Dex -2)
You are frail. (-10% HP)


Message History

The spark wasp stings you but does no damage.
The stone giant throws a large rock.
The large rock hits the spark wasp!
The spark wasp stings you but does no damage.
The stone giant throws a large rock.
The large rock closely misses the rakshasa.
The large rock hits the spark wasp!!!
The large rock shimmers and vanishes!
You are very lightly contaminated with residual magic.
The rakshasa blinks!
The spark wasp stings you but does no damage.
The ogre mage hits you.
* * * LOW HITPOINT WARNING * * *
There is a stone staircase leading up, spattered with blood here.
The spark wasp stings you.
* * * LOW HITPOINT WARNING * * *
The spark wasp shocks you!
* * * LOW HITPOINT WARNING * * *
The spark wasp stings you.
* * * LOW HITPOINT WARNING * * *
The spark wasp shocks you!
You die...

#..≈.............................
#..≈≈≈....######............(....
.#.≈.......## #.........(.......
#.≈...##...####.........))<[..()
#.≈...###................)>....)
...≈##.# ##............R...##....
#.## #.# #...#)[....CC....##....
#. ... #..##..O.((............ #
##+##..###.@y.(..(..........
#..###..)y.......###..... #.##
#...#..).....# #..### ##
#.................#
##................#
#####..###....... #...# ........
#..## ......## .##. #.####


You could see 2 stone giants, a rakshasa, 2 spark wasps and an ogre mage.

Vanquished Creatures
  Rupert (Lair:6)
  An acid blob (Slime:1)
  Kirke (D:14)
  2 tengu reavers (Depths:1)
  3 azure jellies
  2 fire giants
  2 orc warlords
  2 frost giants
  An iron dragon (Depths:1)
  Louise (D:15)
  5 stone giants (Depths:1)
  2 vampire knights
  Nessos (D:13)
  A minotaur (Gauntlet)
  2 entropy weavers (D:13)
  Snorg (Lair:4)
  5 ettins
  A death ooze (Slime:1)
  6 fire dragons
  3 great orbs of eyes (Depths:1)
  2 vault guards (D:13)
  3 rakshasas
  Harold (D:10)
  17 hydras
  3 ice dragons (Depths:1)
  4 boulder beetles
  Erica (Orc:1)
  A catoblepas (Lair:6)
  A boulder beetle (shapeshifter) (Depths:1)
  3 centaur warriors
  11 death yaks
  16 two-headed ogres
  3 ogre magi
  2 deep troll shamans
  5 tengu warriors
  2 queen ants
  2 vampire magi (Depths:2)
  2 deep troll earth magi (Depths:1)
  Urug (Lair:2)
  3 orc high priests (Orc:2)
  A spriggan berserker (Depths:1)
  5 deep elf knights (Elf:1)
  9 skeletal warriors
  An unseen horror (D:10)
  2 sixfirhies (Gauntlet)
  5 hell knights (Depths:1)
  An iron troll (Depths:1)
  A swamp dragon (Lair:6)
  6 deep trolls
  A flayed ghost (Depths:1)
  4 wolf spider zombies
  2 deep elf archers (Elf:1)
  A necromancer (Depths:1)
  7 orc knights
  14 deep elf magi
  2 lindwurms (Lair:6)
  A wizard (Depths:1)
  22 ugly things
  A manticore (shapeshifter) (D:15)
  8 orc sorcerers
  A shining eye (Slime:2)
  5 cyclopes
  3 manticores
  Maurice (Orc:1)
  4 black mambas (Lair:6)
  3 elephants
  Joseph (D:8)
  3 centaur zombies
  A rust devil (Gauntlet)
  A water nymph (shapeshifter) (D:15)
  A centaur skeleton (D:13)
  A guardian serpent (shapeshifter) (D:14)
  A minotaur zombie (Gauntlet)
  Maggie (D:6)
  A torpor snail (Lair:2)
  14 rime drakes
  2 freezing wraiths
  10 cane toads
  10 yaktaurs
  2 tengu conjurers (D:15)
  12 komodo dragons
  10 trolls
  3 hornets
  3 polar bears
  38 slime creatures
  18 blink frogs
  Grinder (D:3)
  14 dream sheep
  A meliai zombie (D:13)
  Sigmund (D:2)
  10 humans (D:13)
  45 yaks
  2 wraiths
  11 basilisks
  A ynoxinul (Gauntlet)
  A golden eye (shapeshifter) (Depths:1)
  15 wyverns
  A hog (D:14)
  3 steam dragons
  Grum (D:8)
  3 swamp worms (Lair:4)
  5 wargs (Orc:1)
  2 nagas (Lair:4)
  Menkaure (D:4)
  14 soldier ants
  3 acid dragons
  40 orc warriors
  13 water moccasins
  7 ice beasts
  4 sky beasts
  2 black bears (D:10)
  A necrophage (D:10)
  12 boggarts
  4 phantoms
  15 ogres
  16 wolves
  18 centaurs
  6 big kobolds
  20 bullfrogs
  2 earth elementals (Elf:1)
  5 scorpions
  2 wyvern skeletons
  16 killer bees
  15 wights
  6 electric eels
  2 howler monkeys (D:9)
  A lava snake (Lair:3)
  34 orc priests
  4 bullfrog zombies
  7 jellies
  4 hounds
  A gnoll shaman (D:10)
  27 orc wizards
  A water moccasin simulacrum (D:8)
  2 iron imps (Gauntlet)
  Jessica (D:2)
  Ijyb (D:5)
  Natasha (thrice) (D:2)
  5 iguanas
  29 hell rats
  29 worker ants
  Terence (D:2)
  2 hound zombies
  19 gnolls
  2 howler monkey skeletons
  11 adders
  A hound simulacrum (D:8)
  5 white imps
  4 ufetubi
  An ooze (D:6)
  2 adder skeletons (D:4)
  A worm (D:2)
  3 leopard geckos
  102 orcs
  3 giant cockroaches
  8 goblins
  5 hobgoblins
  12 jackals
  46 kobolds
  5 quokkas
  6 bats
  3 frilled lizards
  A jackal skeleton (D:6)
  2 quokka skeletons
  5 rats
1110 creatures vanquished.

Vanquished Creatures (others)
  A human (D:15)
  An orc wizard (Orc:2)
  A worker ant (D:13)
  An orc (Orc:1)
  4 demonic plants (Gauntlet)
  40 fungi
  94 plants
142 creatures vanquished.

Grand Total: 1252 creatures vanquished

Notes
Turn   | Place    | Note
-------+----------+-------------------------------------------
     0 | D:1      | spiderpigspy the Minotaur Fighter began the quest for the
                  | Orb.
     0 | D:1      | Reached XP level 1. HP: 19/19 MP: 0/0
   208 | D:1      | Reached XP level 2. HP: 25/27 MP: 1/1
   782 | D:2      | Noticed Natasha
   787 | D:2      | Noticed a crimson imp
   788 | D:2      | Noticed a crimson imp
   789 | D:2      | Killed Natasha
   790 | D:2      | Reached skill level 4 in Fighting
   790 | D:2      | Reached XP level 3. HP: 16/33 MP: 2/2
   940 | D:2      | Noticed Jessica
   950 | D:2      | Killed Jessica
   951 | D:2      | Reached XP level 4. HP: 35/40 MP: 3/3
  1095 | D:2      | Found a glowing golden altar of the Shining One.
  1102 | D:2      | Noticed Natasha
  1113 | D:2      | Killed Natasha
  1117 | D:2      | Noticed Natasha
  1272 | D:2      | Killed Natasha
  1351 | D:2      | Noticed Sigmund
  1484 | D:2      | Noticed Terence
  1494 | D:2      | Killed Terence
  1495 | D:2      | Reached XP level 5. HP: 46/47 MP: 4/4
  1511 | D:2      | Found a basalt altar of Yredelemnul.
  1586 | D:2      | Killed Sigmund
  1587 | D:2      | Reached skill level 5 in Fighting
  1587 | D:2      | Reached skill level 5 in Armour
  1587 | D:2      | Reached skill level 5 in Shields
  1587 | D:2      | Reached XP level 6. HP: 17/56 MP: 5/5
  1994 | D:3      | Found a blossoming altar of Fedhas.
  2660 | D:3      | Noticed Grinder
  3055 | D:3      | Killed Grinder
  3056 | D:3      | Reached skill level 5 in Axes
  3056 | D:3      | Reached XP level 7. HP: 27/62 MP: 6/6
  3504 | D:4      | Reached skill level 6 in Fighting
  3680 | D:4      | Noticed Menkaure
  3683 | D:4      | Killed Menkaure
  3960 | D:4      | Found the +8 orange crystal plate armour {Archmagi, Int+3
                  | Clar}
  4228 | D:5      | Entered Level 5 of the Dungeon
  4401 | D:5      | Reached XP level 8. HP: 71/71 MP: 7/7
  4547 | D:5      | Noticed Ijyb
  4563 | D:5      | Killed Ijyb
  4802 | D:5      | Reached skill level 7 in Fighting
  4896 | D:5      | Found an ornate altar of the Wu Jian Council.
  4897 | D:5      | Found a bloodstained altar of Trog.
  5350 | D:5      | Reached skill level 8 in Fighting
  5350 | D:5      | Reached XP level 9. HP: 81/81 MP: 8/8
  5660 | D:6      | Found Burrisy's Armour Boutique.
  5816 | D:6      | Found Kuesuut's General Store.
  5849 | D:6      | Noticed Maggie
  5969 | D:6      | Killed Maggie
  6076 | D:6      | Found a staircase to the Ecumenical Temple.
  6158 | Temple   | Entered the Ecumenical Temple
  6179 | Temple   | Became a worshipper of Warmaster Okawaru
  6490 | D:6      | Found Avulen's Armour Emporium.
  7159 | D:7      | Reached skill level 9 in Fighting
  7256 | D:7      | Reached * piety under Okawaru
  7263 | D:7      | Found a runed translucent door.
  7263 | D:7      | Noticed a sixfirhy
  7432 | D:7      | Found a shadowy altar of Dithmenos.
  7537 | D:8      | Noticed Grum
  7754 | D:8      | Reached XP level 10. HP: 91/91 MP: 9/9
  7872 | D:8      | Identified the +7 quarterstaff of Kanypp {drain, +Inv rPois
                  | Will- Dex-3}
  7939 | D:8      | Found a burning altar of Makhleb.
  7949 | D:8      | Reached ** piety under Okawaru
  8000 | D:8      | Killed Grum
  8122 | D:8      | Found a radiant altar of Vehumet.
  8148 | D:8      | Noticed a two-headed ogre
  8155 | D:8      | Killed a two-headed ogre
  8156 | D:8      | Reached skill level 10 in Fighting
  8156 | D:8      | Reached skill level 10 in Armour
  8156 | D:8      | Reached skill level 10 in Shields
  8337 | D:6      | Bought the +0 pair of gloves of Limited Liability {rF+ rC+}
                  | for 382 gold pieces
  8727 | D:8      | Noticed Joseph
  8743 | D:8      | Killed Joseph
  9254 | D:9      | Identified Ofuk's Incunabulum of Transmutation
  9268 | D:9      | Reached skill level 10 in Axes
  9285 | D:9      | Found a glowing silver altar of Zin.
  9344 | D:9      | Reached *** piety under Okawaru
  9670 | D:9      | Found a shimmering blue altar of Sif Muna.
  9674 | D:9      | Found a snail-covered altar of Cheibriados.
  9868 | D:9      | Got a pair of transparent gloves
 10118 | D:10     | Entered Level 10 of the Dungeon
 10207 | D:10     | Noticed Harold
 10410 | D:10     | Found a staircase to the Lair.
 10410 | D:10     | Noticed an elephant
 10548 | D:10     | Reached XP level 11. HP: 95/101 MP: 10/10
 10714 | D:10     | Reached **** piety under Okawaru
 10722 | D:10     | Found a staircase to the Orcish Mines.
 10970 | D:10     | Reached skill level 11 in Fighting
 10974 | D:10     | Killed Harold
 11264 | D:10     | Killed an unseen horror
 11683 | D:11     | Noticed a seven-headed hydra
 11734 | Lair:1   | Entered Level 1 of the Lair of Beasts
 11792 | Lair:1   | Reached ***** piety under Okawaru
 12687 | Lair:2   | Reached skill level 1 in Invocations
 12690 | Lair:2   | Reached skill level 1 in Evocations
 12834 | Lair:2   | Noticed a six-headed hydra
 12962 | D:11     | Noticed a two-headed ogre
 12971 | D:11     | Killed a two-headed ogre
 12971 | D:11     | Received a gift from Okawaru
 13506 | D:11     | Reached XP level 12. HP: 106/110 MP: 14/14
 13555 | D:11     | Killed a four-headed hydra
 13724 | D:11     | Found Fuokhlusm's Magic Scroll Emporium.
 13799 | D:11     | Noticed Paulthewizard's ghost (journeyman TeAE)
 13802 | D:11     | Found a runed translucent door.
 14067 | D:12     | Noticed a two-headed ogre
 14073 | D:12     | Killed a two-headed ogre
 14074 | D:12     | Reached skill level 5 in Invocations
 14162 | D:12     | Reached skill level 5 in Evocations
 14349 | D:12     | Found a flagged portal.
 14407 | Bailey   | Entered a bailey
 14607 | Bailey   | Found a bloodstained altar of Trog.
 15020 | D:10     | Identified the +1 pair of gloves of Elyvilon's Displeasure
                  | {Harm +Fly Str-2 Dex+5} (You found it on level 9 of the
                  | Dungeon)
 15153 | Lair:2   | Received a gift from Okawaru
 15176 | Lair:2   | Noticed a seven-headed hydra
 15188 | Lair:2   | Killed a three-headed hydra
 15226 | Lair:2   | Noticed a five-headed hydra
 15234 | Lair:2   | Killed a two-headed hydra
 15235 | Lair:2   | Reached skill level 12 in Fighting
 15502 | Lair:2   | Killed a three-headed hydra
 15594 | Lair:2   | Noticed Urug
 15603 | Lair:2   | Found a runed translucent door.
 15614 | Lair:2   | Killed Urug
 15615 | Lair:2   | Reached XP level 13. HP: 112/118 MP: 17/17
 15615 | Lair:2   | Noticed Zoobame's ghost (journeyman DEWz)
 16610 | Lair:3   | Found a gate leading to a gauntlet.
 16619 | Gauntlet | Entered a Gauntlet
 16619 | Gauntlet | Found a transporter.
 16638 | Gauntlet | Found a transporter.
 16639 | Gauntlet | Found a transporter.
 16654 | Gauntlet | Found a transporter.
 16657 | Gauntlet | Found a transporter.
 16666 | Gauntlet | Found a transporter.
 16681 | Gauntlet | Found a transporter.
 16691 | Gauntlet | Found a transporter.
 16706 | Gauntlet | Found a transporter.
 16718 | Gauntlet | Found a transporter.
 16733 | Gauntlet | Found a transporter.
 16745 | Gauntlet | Found a runed translucent door.
 16747 | Gauntlet | Found a transporter.
 16747 | Gauntlet | Found a transporter.
 16750 | Gauntlet | Found a runed translucent door.
 16789 | Gauntlet | Found a transporter.
 17004 | Gauntlet | Reached ****** piety under Okawaru
 17087 | Gauntlet | Noticed a minotaur
 17103 | Gauntlet | Killed a minotaur
 17103 | Gauntlet | Received a gift from Okawaru
 17981 | Lair:4   | Found a staircase to the Snake Pit.
 17981 | Lair:4   | Noticed Snorg
 17988 | Lair:3   | Identified 2 scrolls of acquirement
 17989 | Lair:3   | Acquired 808 gold pieces
 17990 | Lair:3   | Acquired the +2 pair of gloves of Pessimism {rF- Will+
                  | Regen+ rCorr}
 18073 | Lair:4   | Reached skill level 13 in Fighting
 18108 | Lair:4   | Killed Snorg
 18594 | Lair:4   | Reached XP level 14. HP: 122/129 MP: 18/18
 18769 | Lair:4   | Found a staircase to the Swamp.
 19838 | Lair:5   | Reached skill level 14 in Fighting
 20322 | Lair:6   | Entered Level 6 of the Lair of Beasts
 20582 | Lair:6   | Found a viscous altar of Jiyva.
 20582 | Lair:6   | Found a staircase to the Slime Pits.
 20688 | Lair:6   | Received a gift from Okawaru
 20702 | Lair:6   | Got a distressingly furry hat {god gift}
 20720 | Lair:6   | Identified the +1 hat "Ponworyi" {rN+ Will+ Int+4} (Okawaru
                  | gifted it to you on level 6 of the Lair of Beasts)
 20946 | Lair:6   | Noticed Rupert
 20982 | Lair:6   | Killed Rupert
 21493 | Lair:6   | Reached XP level 15. HP: 139/139 MP: 19/19
 21929 | Lair:6   | Received a gift from Okawaru
 21978 | Lair:6   | Reached skill level 15 in Fighting
 22018 | Lair:6   | Reached skill level 15 in Armour
 22020 | Lair:6   | Reached skill level 15 in Shields
 22165 | Lair:6   | Got a scorched great mace
 22309 | Lair:6   | Identified the +11 great mace of Pestilence {elec, Str+4}
                  | (You found it on level 6 of the Lair of Beasts)
 22693 | D:13     | Reached skill level 1 in Maces & Flails
 22828 | D:13     | Reached skill level 15 in Axes
 22900 | D:13     | Noticed Nessos
 23406 | D:13     | Found a gate to the Vaults.
 23489 | D:13     | Killed Nessos
 24270 | D:14     | Reached skill level 5 in Maces & Flails
 24617 | D:14     | Received a gift from Okawaru
 24618 | D:14     | Got a twisted eveningstar {god gift}
 24619 | D:14     | Identified the +0 eveningstar of Qeppiuh {flame, rF++}
                  | (Okawaru gifted it to you on level 14 of the Dungeon)
 24630 | D:14     | Reached skill level 16 in Fighting
 25301 | D:15     | Entered Level 15 of the Dungeon
 25749 | D:15     | Noticed Kirke
 25988 | D:15     | Found a white marble altar of Elyvilon.
 26012 | D:15     | Paralysed by a hornet for 2 turns
 26237 | D:14     | HP: 5/144 [hog[Kirke] (10)]
 26239 | D:14     | Killed Kirke
 26433 | D:15     | Received a gift from Okawaru
 26497 | D:15     | Noticed Louise
 26508 | D:15     | Killed Louise
 26509 | D:15     | Reached XP level 16. HP: 139/152 MP: 20/20
 26903 | D:15     | Found a staircase to the Depths.
 27246 | D:15     | Identified Roxanne's Guide on Shape Shifting
 27246 | D:15     | Noticed Roxanne
 27526 | Orc:1    | Entered Level 1 of the Orcish Mines
 27767 | Orc:1    | Reached skill level 17 in Fighting
 27979 | Orc:2    | Entered Level 2 of the Orcish Mines
 28123 | Orc:1    | Noticed Maurice
 28131 | Orc:1    | Killed Maurice
 28131 | Orc:1    | Received a gift from Okawaru
 28132 | Orc:1    | Got an encrusted hat {god gift}
 28143 | Orc:1    | Identified the +0 hat of Vozum {Regen+} (Okawaru gifted it
                  | to you on level 1 of the Orcish Mines)
 28179 | Orc:1    | Noticed Erica
 28211 | Orc:1    | Killed Erica
 28329 | Orc:2    | Found a staircase to the Elven Halls.
 28535 | Orc:2    | Reached skill level 10 in Maces & Flails
 29033 | Orc:2    | Paralysed by an orc sorcerer for 7 turns
 29456 | Orc:2    | Found Jeixaom's Antique Armour Emporium.
 29461 | Orc:2    | Found Harauj's General Store.
 29461 | Orc:2    | Found Qaliufoa's Book Shoppe.
 29463 | Orc:2    | Found Enieto's Antique Weapon Emporium.
 29479 | Orc:2    | Bought a scroll of identify for 20 gold pieces
 29613 | Orc:2    | Found Suluo's Distillery.
 30192 | Elf:1    | Entered Level 1 of the Elven Halls
 30275 | Elf:1    | Found Zeledo's Armour Shop.
 30352 | Elf:1    | Found Orchukeh's Weapon Emporium.
 30633 | Elf:1    | Reached skill level 18 in Fighting
 31035 | Slime:1  | Entered Level 1 of the Pits of Slime
 31142 | Slime:1  | Noticed an acid blob
 31149 | Slime:1  | Killed an acid blob
 31317 | Slime:2  | Received a gift from Okawaru
 31660 | Slime:2  | Gained mutation: You are frail. (-10% HP) [a shining eye]
 31661 | Slime:2  | Gained mutation: You are clumsy. (Dex -2) [a shining eye]
 31663 | Slime:2  | Reached XP level 17. HP: 149/149 MP: 21/21
 32170 | Depths:1 | Entered Level 1 of the Depths
 32409 | Depths:1 | Reached skill level 19 in Fighting
 32723 | Depths:1 | Received a gift from Okawaru
 32820 | Depths:1 | Found an iron altar of Okawaru.
 32966 | Depths:1 | Found a runed translucent gate.
 32966 | Depths:1 | Found a runed translucent gate.
 32969 | Depths:1 | Noticed a lich
 32969 | Depths:1 | Noticed a caustic shrike
 32969 | Depths:1 | Noticed Amikeex's ghost (adept TrMo)
 32970 | Depths:1 | Found a runed translucent gate.
 32970 | Depths:1 | Found an opulent altar of Gozag.
 33061 | Depths:1 | Reached skill level 20 in Fighting
 33623 | Depths:1 | Found a gateway to Hell.
 33979 | Depths:1 | Reached skill level 21 in Fighting
 34289 | Depths:2 | Received a gift from Okawaru
 34406 | Depths:2 | Reached XP level 18. HP: 125/159 MP: 22/22
 34707 | Depths:2 | Got a jewelled hand axe {god gift}
 34708 | Depths:2 | Identified the +0 hand axe of Watchfulness {pain, rElec
                  | Will+ Int+6 Dex-4} (Okawaru gifted it to you on level 2 of
                  | the Depths)
 35387 | Depths:2 | HP: 8/165 [spark wasp (13)]
 35393 | Depths:2 | HP: 3/165 [spark wasp (illusionary) (13)]
 35393 | Depths:2 | HP: 1/165 [spark wasp (illusionary) (2)]
 35393 | Depths:2 | Mangled by a spark wasp (illusionary)

Illustrated notes

Levels and vault maps discovered:
D:1:      amcnicky_arrival_abandoned_market, layout_basic,
          minmay_misc_feat_more_columns
D:2:      layout_rooms, overflow_temple_1_default, lemuel_round_altar,
          uniq_jessica, uniq_sigmund, uniq_natasha, uniq_terence
D:3:      minmay_angry_zag, layout_loops_ring, fedhas_ov_isle_minmay,
          uniq_grinder
D:4:      layout_rooms, chequers_serial_rivers_marsh, uniq_menkaure
D:5:      minmay_goblin_kobold_castle, layout_cave_pods,
          gammafunk_temple_overflow_pools, hangedman_decor_push, uniq_ijyb
D:6:      layout_cave_pools, temple_green, serial_shops, shop, shop,
          nicolae_shop_trees, uniq_maggie
D:7:      cheibrodos_shockbox, layout_cave_pools, kennysheep_mini
D:8:      layout_rooms, makhleb_heckhound_becter, old_standard_altar,
          serial_ice, serial_ice_n, serial_ice_o, serial_ice_i, serial_ice_h,
          uniq_joseph, uniq_grum
D:9:      layout_irregular_city, grunt_temple_overflow_open, zin_statuary
D:10:     layout_irregular_city, david_lair_generic, david_orc_2,
          serial_column_ruins, column_ruins_columns_T, column_ruins_open_large,
          column_ruins_open_small, column_ruins_columns_corner,
          column_ruins_corridor_dead_end, column_ruins_open_small,
          chequers_serial_rivers_micro_a, uniq_harold
D:11:     layout_loops_ring, serial_shops, nicolae_shop_statue_plus,
          hellmonk_ghost_happy_afterlife, kennysheep_generic_room_11
D:12:     layout_rooms, enter_bailey_3
D:13:     layout_long_grid, ximxim_vaults_locker_room, minmay_another_anthill,
          uniq_nessos
D:14:     layout_long_grid, infiniplex_staircase_door_maze
D:15:     gammafunk_enter_depths_forms, layout_basic, elyvilon_altar_4,
          uniq_louise, uniq_kirke, uniq_roxanne
Temple:   minmay_freezing_vapour_temple
Lair:1:   layout_cave_pods, grunt_megastairs_1
Lair:2:   layout_regular_city, ebering_ghost_inner_flame, serial_bayou_shore_b,
          grunt_megastairs_4, minmay_lair_oklob_chamber, uniq_urug
Lair:3:   layout_gridlike, gauntlet_entry_generic
Lair:4:   layout_roguey [special_room_mythical_zoo], palyth_hydra_swamp_entry,
          guppyfry_snake_entry_garden, serial_bayou_ford_a,
          serial_bayou_shore_a, lemuel_fruit_tree, uniq_snorg
Lair:5:   layout_hall_layers
Lair:6:   hangedman_lair_in_review, layout_gridlike, guppyfry_lair_end_dragon,
          dpeg_slime_entry_enclosed_altar, minivault_25,
          minmay_stone_trees_small, uniq_rupert
Slime:1:  layout_caves
Slime:2:  layout_caves
Orc:1:    layout_diamond_mine, mines_bat_river, uniq_erica, uniq_maurice
Orc:2:    st_orc_congregation, layout_caves, serial_shops,
          nicolae_shop_waterfront
Elf:1:    eino_elf_arrival_customs, layout_loops_cross, serial_shops, shop,
          nicolae_shop_trees, nicolae_shop_temple_entry_statues_fountains,
          nicolae_shop_stone, nicolae_shop_crystal
Depths:1: layout_basic, ebering_ghost_gozag, okawaru_ov_weapons_minmay,
          grunt_metal_band, minmay_shattered_shrine
Depths:2: kennysheep_ambush_hall, layout_cave_shapes, pf_hell_entry_great_geh,
          nicolae_trove_entry_crossroad, serial_rivers,
          chequers_serial_rivers_micro_b, chequers_serial_rivers_large_a,
          chequers_serial_rivers_room_a, chequers_serial_rivers_micro_e

Skill      XL: |  1  2  3  4  5  6  7  8  9 10 11 12 13 14 15 16 17 |
---------------+----------------------------------------------------+-----
Fighting       | 4 5 6 8 9 10 11 12 13 14 16 18 21 | 21.8
Axes           | 3 4 5 6 7 9 10 11 13 14 16 | 16.0
Armour         | 4 5 6 8 9 10 11 12 13 14 15 | 15.0
Shields        | 4 5 6 7 9 10 11 12 13 14 15 | 15.0
Invocations    | 4 7 |  7.0
Evocations     | 3 6 7 |  7.0
Maces & Flails | 7 12 13 | 13.8

Action                   |  1- 3 |  4- 6 |  7- 9 | 10-12 | 13-15 | 16-18 || total
-------------------------+-------+-------+-------+-------+-------+-------++-------
Melee: War axe           |    34 |   117 |   430 |   287 |       |       ||   868
       Headbutt          |     4 |    19 |    75 |   173 |   231 |   201 ||   703
       Broad axe         |       |       |       |   406 |    59 |       ||   465
       Battleaxe         |       |       |       |    71 |   681 |    12 ||   764
       Great mace        |       |       |       |       |   213 |   738 ||   951
       Unarmed           |       |       |       |       |    25 |       ||    25
       Eveningstar       |       |       |       |       |     3 |       ||     3
       Executioner's axe |       |       |       |       |       |    90 ||    90
Throw: Dart              |       |       |    35 |    52 |    19 |    48 ||   154
Invok: Heroism           |       |       |       |       |     3 |     1 ||     4
       Finesse           |       |       |       |       |     1 |       ||     1
  Use: Potion            |       |     1 |     2 |       |     6 |     3 ||    12
       Scroll            |       |       |     9 |     7 |    20 |     6 ||    42
 Stab: Petrifying        |       |       |       |       |     1 |       ||     1
       Petrified         |       |       |       |       |     1 |       ||     1
       Distracted        |       |       |       |       |       |     1 ||     1
Armor: Scale mail        |    14 |    35 |    17 |       |       |       ||    66
       Crystal plate arm |       |       |   250 |   643 |   924 |   912 ||  2729
Dodge: Dodged            |     9 |    37 |    43 |   159 |   333 |   266 ||   847
Block: Kite shield       |    19 |    43 |   229 |   558 |    39 |       ||   888
